 Dungeon Crawl Stone Soup version 0.30-a0-937-ga0a21ad780 (webtiles) character file.

Game seed: 11865367406833556355

1691 bearlyready the Basher (level 8, -1/61 (66) HPs)
             Began as an Armataur Fighter on Mar 24, 2023.
             Was an Initiate of Cheibriados.
             Slain by a wight
             ... wielding a +4 morningstar of freezing
              (5 damage)
             ... on level 7 of the Dungeon.
             The game lasted 00:05:15 (4389 turns).

bearlyready the Basher (Armataur Fighter)           Turns: 4389, Time: 00:05:15

HP:   -1/61 (66)    AC:  9    Str: 24    XL:     8   Next: 72%
MP:   8/8           EV:  7    Int:  9    God:    Cheibriados [......]
Gold: 331           SH:  5    Dex: 18    Spells: 7/7 levels left

rFire   . . .      SeeInvis .    a - +0 flail
rCold   + . .      Faith    .    c - +0 buckler
rNeg    . . .      Spirit   .    b - +0 scale mail
rPois   .          Reflect  .    I - +0 helmet
rElec   .          Roll     +    (no cloak)
rCorr   .                        g - +0 pair of gloves
Will    .....                    (no barding) Stlth
                                 t - amulet of regeneration
HPRegen 1.10/turn                h - ring of protection from cold
MPRegen 0.11/turn                p - +6 ring of dexterity

@: about to teleport, drained, very slow
A: large, rugged brown scales 3, deformed body, armoured tail, roll, long
tongue, awkward tongue
a: Renounce Religion


You were on level 7 of the Dungeon.
You worshipped Cheibriados.
Cheibriados was noncommittal.
You visited 2 branches of the dungeon, and saw 8 of its levels.

You collected 331 gold pieces.

Inventory:

Hand Weapons
 a - a +0 flail (weapon)
Armour
 b - a +0 scale mail (worn)
 c - a +0 buckler (worn)
 g - a +0 pair of gloves (worn)
 I - a +0 helmet (worn)
Jewellery
 h - a ring of protection from cold (left hand)
 p - a +6 ring of dexterity (right hand)
 r - a ring of fire
 t - an amulet of regeneration (around neck)
 w - a ring of resist corrosion
 J - a +6 ring of intelligence
Wands
 x - a wand of roots (1)
 H - a wand of polymorph (13)
Scrolls
 f - 2 scrolls of immolation {unknown}
 j - a scroll of summoning {unknown}
 l - 5 scrolls of teleportation
 m - 2 scrolls of amnesia
 u - a scroll of torment {unknown}
 v - a scroll of enchant armour {unknown}
 y - a scroll of identify {unknown}
 B - a scroll of noise {unknown}
 D - a scroll of silence {unknown}
 E - a scroll of brand weapon {unknown}
 F - a scroll of magic mapping {unknown}
 M - 2 scrolls of blinking {unknown}
 N - a scroll of poison {unknown}
 O - a scroll of fog {unknown}
Potions
 d - 3 potions of might
 e - 2 potions of ambrosia {unknown}
 i - 2 potions of haste {unknown}
 k - 2 potions of mutation {unknown}
 n - a potion of berserk rage {unknown}
 o - 2 potions of brilliance {unknown}
 q - 3 potions of heal wounds {unknown}
 s - 5 potions of curing
 z - a potion of flight {unknown}
 A - 2 potions of degeneration {unknown}
 C - 2 potions of resistance {unknown}
 G - a potion of attraction {unknown}
 K - 2 potions of cancellation {unknown}
 L - a potion of lignification {unknown}


   Skills:
 - Level 2.6 Fighting
 + Level 10.4 Maces & Flails
 - Level 3.6 Armour
 - Level 3.2 Shields


You had 7 spell levels left.
You didn't know any spells.
Your spell library contained the following spells:

 Spells                   Type           Power      Damage    Failure   Level
 Cigotuvi's Dreadful Rot  Necr/Pois/Air  0%         N/A       88%         2
 Dispel Undead            Necr           0%         3d6       100%        4
 Death Channel            Necr           0%         N/A       100%        6


Dungeon Overview and Level Annotations

Branches:
Dungeon (7/15)             Temple (1/1) D:5

Altars:
Ashenzari
Cheibriados
Dithmenos
Fedhas
Gozag
Hepliaklqana
Kikubaaqudgha
Makhleb
Nemelex Xobeh
Qazlal
Ru
Sif Muna
Trog
Uskayaw
Vehumet
Wu Jian
Xom
Yredelemnul
Zin


Innate Abilities, Weirdness & Mutations

You are completely covered in rugged brown scales. (AC +3, +7% HP)
Armour fits poorly on your strangely shaped body.
You have a long armoured tail.
You roll when moving toward enemies. (Rampage)
Your long tongue fully drains potion bottles. (2x potion effects)
Your tongue gives you trouble enunciating. (1.5x scroll delay)


Message History

The wight struggles to escape constriction.
Aiming: Fastroot
Press: ? - help, Shift-Dir - straight line, f/p - wight
Aim: a wight, wielding a +0 mace and wearing a +0 robe (moderately damaged)
The roots erupt in riotous growth!
Roots grab the wight.
The wight is unaffected. x3; The grasping roots constrict the wight. x2
The grasping roots constrict the wight!
The grasping roots constrict the wight.
The roots release their grip on the wight. x2
The wight hits you with a +4 morningstar of freezing!
You feel drained. The wight freezes you. The wight barely misses you.
The wight struggles to escape constriction.
Okay, then.
Okay, then.
As you slowly read the scroll of teleportation, it crumbles to dust.
You feel strangely unstable.
The grasping roots constrict the wight!
You destroy the wight!
Cheibriados appreciates the change of pace.
The grasping roots constrict the wight!
You destroy the wight!
Cheibriados appreciates the change of pace.
The wight hits you with a +1 dire flail of freezing!
You feel drained.
The wight hits you with a +4 morningstar of freezing.
* * * LOW HITPOINT WARNING * * *
The wight freezes you.
* * * LOW HITPOINT WARNING * * *
The wight attacks as you move away!
The wight hits you with a +4 morningstar of freezing!
* * * LOW HITPOINT WARNING * * *
The wight freezes you.
* * * LOW HITPOINT WARNING * * *
You feel better.
You slurp down every last drop of the potion of curing!
You block the wight's attack. The wight attacks as you move away!
The wight hits you with a +4 morningstar of freezing!
* * * LOW HITPOINT WARNING * * *
You feel drained.
You die...

###### ############
#....# #...........
#....# #...........
#....# #....†......
#....####...........
#..........####.....
#..........'..#.....
#..........#..#.....
#.z@.......####....#
##z##############..#
........)......
........#
.....##..).....
......... ≈...
#........ .......#.
≈≈. #......##
####...#. ≈≈
#......# #...#. ≈
≈≈≈##### #...#. ≈≈≈≈
#...#.


You could see 2 wights.

Vanquished Creatures
  A steam dragon (D:6)
  A black bear (D:6)
  A sky beast (D:7)
  2 ogres
  A centaur (D:5)
  A phantom (D:5)
  2 bullfrogs
  3 scorpions
  5 wights
  3 hounds
  An orc priest (D:5)
  Jessica (D:3)
  3 iguanas
  An orc wizard (D:5)
  4 gnolls (D:2)
  10 adders
  A white imp (D:6)
  2 ufetubi
  3 worms
  4 dart slugs
  10 orcs
  4 ball pythons
  4 endoplasms
  4 giant cockroaches
  7 goblins
  9 hobgoblins
  5 jackals
  A quokka (D:2)
  5 bats
  4 frilled lizards
  4 kobolds
  8 rats
115 creatures vanquished.

Vanquished Creatures (others)
  A human (D:3)
1 creature vanquished.

Grand Total: 116 creatures vanquished

Notes
Turn   | Place    | Note
-------+----------+-------------------------------------------
     0 | D:1      | bearlyready the Armataur Fighter began the quest for the
                  | Orb.
     0 | D:1      | Reached XP level 1. HP: 19/19 MP: 1/1
    34 | D:1      | Reached skill level 2 in Maces & Flails
   318 | D:1      | Reached XP level 2. HP: 20/26 MP: 2/2
   505 | D:1      | Reached skill level 3 in Maces & Flails
   560 | D:1      | Reached XP level 3. HP: 29/32 MP: 3/3
  1004 | D:2      | Reached XP level 4. HP: 39/39 MP: 4/4
  1019 | D:2      | Reached skill level 4 in Maces & Flails
  1234 | D:2      | Identified the +5 dagger of the Healing Eel {freeze, Int+5}
  1410 | D:3      | Reached XP level 5. HP: 37/44 MP: 5/5
  1526 | D:3      | Noticed Jessica
  1531 | D:3      | Killed Jessica
  1532 | D:3      | Reached skill level 5 in Maces & Flails
  1670 | D:3      | Found a shimmering blue altar of Sif Muna.
  1803 | D:3      | Found an ancient bone altar of Kikubaaqudgha.
  1804 | D:3      | Noticed a human
  1809 | D:3      | Killed a human
  2104 | D:4      | Reached skill level 6 in Maces & Flails
  2104 | D:4      | Reached XP level 6. HP: 21/53 MP: 6/6
  2439 | D:5      | Entered Level 5 of the Dungeon
  2592 | D:5      | Reached skill level 7 in Maces & Flails
  2592 | D:5      | Reached XP level 7. HP: 55/59 MP: 7/7
  2878 | D:5      | Found a staircase to the Ecumenical Temple.
  2957 | Temple   | Entered the Ecumenical Temple
  3187 | Temple   | Became a worshipper of Cheibriados the Contemplative
  3252 | D:5      | Reached skill level 8 in Maces & Flails
  3721 | D:6      | Found a hide-covered altar of Uskayaw.
  3760 | D:6      | Found a bloodstained altar of Trog.
  3768 | D:6      | Reached XP level 8. HP: 35/66 MP: 8/8
  3823 | D:6      | Reached skill level 9 in Maces & Flails
  4311 | D:7      | Found a shimmering altar of Xom.
  4311 | D:7      | Found a sacrificial altar of Ru.
  4311 | D:7      | Found a broken altar of Ashenzari.
  4311 | D:7      | Found an opulent altar of Gozag.
  4321 | D:7      | Reached skill level 10 in Maces & Flails
  4387 | D:7      | HP: 3/63 [wight/+4 morningstar of freezing (2)]
  4389 | D:7      | Slain by a wight

Illustrated notes

Levels and vault maps discovered:
D:1:      wander_arrival_peaceful_grave, layout_basic, chequers_avenue,
          minmay_statues_item, minmay_surrounded
D:2:      layout_rooms
D:3:      layout_loops_ring, tgw_kikubaaqudgha, nicolae_sif_muna_condensation,
          uniq_jessica
D:4:      layout_cave_pools, ebering_dispersal_statue_hall
D:5:      layout_cave_pools, minmay_temple_entry_glassed_door,
          kennysheep_nondescript
D:6:      layout_loops_ring, nicolae_uskayaw_murder_on_the_dancefloor,
          old_standard_altar
D:7:      layout_gridville, kennysheep_mini_moat, mainiacjoe_overflow_alcove_2,
          grunt_temple_overflow_open, centaur_isle
Temple:   minmay_temple_curvy_loop

Skill      XL: |  1  2  3  4  5  6  7  8 |
---------------+-------------------------+-----
Maces & Flails | 2 3 4 6 7 8 10 | 10.4
Fighting       | |  2.6
Armour         | |  3.6
Shields        | |  3.2

Action                     |  1- 3 |  4- 6 |  7- 9 || total
---------------------------+-------+-------+-------++-------
  Melee: Flail             |    80 |   212 |   123 ||   415
         Tailslap          |     6 |    19 |    22 ||    47
  Evoke: Wand              |       |       |     3 ||     3
    Use: Scroll            |       |     1 |     2 ||     3
         Potion            |       |       |     2 ||     2
 Armour: Scale mail        |    39 |   154 |    43 ||   236
  Dodge: Dodged            |    23 |    94 |    33 ||   150
  Block: Buckler           |    18 |    61 |    22 ||   101

Table legend: (Time is in decaauts)
 A = Elapsed time spent in this place.
 B = Non-inter-level travel time spent in this place.
 C = Inter-level travel time spent in this place.
 D = Time resting spent in this place.
 E = Time spent auto-exploring this place.
 F = Levels seen in this place.
 G = Mean time per level.
                   A        B        C        D        E       F      G
               +--------+--------+--------+--------+--------+-----+--------+
         Total |   4725 |   4440 |    285 |      0 |   3565 |   8 |  590.6 |
       Dungeon |   4473 |   4242 |    231 |      0 |   3373 |   7 |  639.0 |
        Temple |    251 |    197 |     54 |      0 |    192 |   1 |  251.0 |
               +--------+--------+--------+--------+--------+-----+--------+

Top non-repeatable levels by time:
     D:6: 1188 daAuts
     D:1: 890 daAuts
     D:5: 699 daAuts
     D:3: 611 daAuts
     D:2: 528 daAuts
     D:4: 461 daAuts
  Temple: 251 daAuts
     D:7: 92 daAuts
